 Dungeon Crawl Stone Soup version 0.27-a0-1202-ge72e49191c (webtiles) character file.

Game seed: 10552292025667197294

204 27snakeeyes612 the Chopper (level 5, 0/50 HPs)
             Began as a Naga Fighter on June 3, 2021.
             Slain by a gnoll
             ... wielding a +0 whip
              (4 damage)
             ... on level 3 of the Dungeon.
             The game lasted 00:02:06 (3875 turns).

27snakeeyes612 the Chopper (Naga Fighter)           Turns: 3875, Time: 00:02:06

Health: 0/50       AC:  5    Str: 20    XL:     5   Next: 82%
Magic:  5/5        EV:  7    Int:  8    God:
Gold:   93         SH:  0    Dex: 10    Spells: 4/4 levels left

rFire    . . .     SeeInvis +   p - +1 battleaxe (elec)
rCold    . . .     Faith    .   (shield currently unavailable)
rNeg     . . .     Spirit   .   b - +0 scale mail
rPois    +         Reflect  .   (no helmet)
rElec    .         Harm     .   (no cloak)
rCorr    .         Rampage  .   (no gloves)
Will     .....                  (no barding)
Stlth    ..........             (no amulet)
HPRegen  0.16/turn              (no ring)
MPRegen  0.09/turn              (no ring)

@: very slow
A: AC +1, large, see invisible, deformed body, poison resistance, slowness 2,
spit poison 1, naga tail 1
a: Spit Poison


You were on level 3 of the Dungeon.
You visited 1 branch of the dungeon, and saw 3 of its levels.

You collected 93 gold pieces.

Inventory:

Hand Weapons
 a - a +0 war axe
 p - a +1 battleaxe of electrocution (weapon)
Armour
 b - a +0 scale mail (worn)
 c - a +0 kite shield
 g - a +0 helmet
Scrolls
 e - 2 scrolls of enchant weapon {unknown}
 h - 2 scrolls of amnesia {unknown}
 i - 2 scrolls of noise {unknown}
 k - a scroll of magic mapping {unknown}
 l - a scroll of fog {unknown}
 m - 2 scrolls of identify {unknown}
 q - 3 scrolls of enchant armour {unknown}
Potions
 d - a potion of might
 f - a potion of haste {unknown}
 j - a potion of mutation {unknown}
 n - a potion of heal wounds {unknown}
 o - a potion of cancellation


   Skills:
 + Level 3.7 Fighting
 + Level 3.7 Axes
 + Level 3.3 Armour
 + Level 0.8 Dodging
 + Level 1.7 Stealth
 + Level 2.8 Shields


You had 4 spell levels left.
You didn't know any spells.
Your spell library contained the following spells:

 Spells                   Type           Power      Damage    Failure   Level
 Animate Skeleton         Necr           0%         N/A       77%         1
 Pain                     Necr           0%         1d4       77%         1
 Vampiric Draining        Necr           0%         2d6       98%         3
 Animate Dead             Necr           0%         N/A       100%        4
 Agony                    Necr           0%         N/A       100%        5


Dungeon Overview and Level Annotations

Branches:
Dungeon (3/15)

Altars:
Ru
Sif Muna


Innate Abilities, Weirdness & Mutations

Your serpentine skin is tough. (AC +1)
You have supernaturally acute eyesight. (SInv)
Armour fits poorly on your strangely shaped body.
Your system is resistant to poisons. (rPois)
You cover ground very slowly.
You can spit poison.
You have a snake-like lower body.


Message History

You hit the gnoll but do no damage.
The gnoll hits you from afar with a +0 spear.
You closely miss the gnoll. You slash the kobold!
You kill the kobold!
The gnoll hits you with a +0 whip.
The gnoll hits you from afar with a +0 spear.
The gnoll hits you with a +0 whip.
The gnoll hits you from afar with a +0 spear!
You are too injured to fight recklessly!
You are too injured to fight recklessly!
You are too injured to fight recklessly!
You are too injured to fight recklessly!
You are too injured to fight recklessly!
You are too injured to fight recklessly!
You are too injured to fight recklessly!
You are too injured to fight recklessly!
You are too injured to fight recklessly!
You are too injured to fight recklessly!
You are too injured to fight recklessly!
You are too injured to fight recklessly!
You are too injured to fight recklessly!
You are too injured to fight recklessly!
You are too injured to fight recklessly!
You are too injured to fight recklessly!
You are too injured to fight recklessly!
You hit the gnoll.
The gnoll is lightly wounded.
The gnoll hits you but does no damage. x2
You barely miss the gnoll.
The gnoll is lightly wounded.
The gnoll hits you with a +0 whip.
* * * LOW HITPOINT WARNING * * *
The gnoll hits you from afar with a +0 spear!
* * * LOW HITPOINT WARNING * * *
The gnoll closely misses you.
The gnoll hits you from afar with a +0 spear.
* * * LOW HITPOINT WARNING * * *
It was a potion of cancellation.
You feel magically purged. The gnoll hits you with a +0 whip.
You die...

######## ##### #......##
##.... #.......###.....
#+##.....)..#......
#......)....#......
#...........'......
#g@.....)...#......
#)##........#...... #g$
#.......###..... #≈≈≈≈≈≈≈#$$
#......## ##.... #≈≈≈≈≈≈≈#$$
################
#≈≈≈≈≈≈≈#####≈≈≈≈≈≈≈≈≈≈≈≈≈≈≈
#≈≈≈≈≈≈≈≈≈≈≈≈≈≈≈≈≈≈≈≈≈≈≈≈≈≈≈
#≈≈≈≈≈≈≈≈≈≈≈≈≈≈≈≈≈≈≈≈≈≈≈≈≈≈≈
#≈.≈.≈≈≈≈≈...≈.≈.≈.≈≈≈≈≈≈≈≈≈


You could see 2 gnolls.

Vanquished Creatures
  An orc priest (D:3)
  An orc wizard (D:3)
  A gnoll (D:3)
  2 adders
  3 worms (D:3)
  4 orcs (D:3)
  4 endoplasms
  4 giant cockroaches
  19 goblins
  24 hobgoblins
  4 jackals
  6 quokkas
  6 ball pythons
  3 bats
  2 frilled lizards
  8 kobolds
  4 rats
96 creatures vanquished.

Vanquished Creatures (others)
  A goblin (D:3)
1 creature vanquished.

Grand Total: 97 creatures vanquished

Notes
Turn   | Place    | Note
-------+----------+-------------------------------------------
     0 | D:1      | 27snakeeyes612 the Naga Fighter began the quest for the
                  | Orb.
     0 | D:1      | Reached XP level 1. HP: 21/21 MP: 1/1
   179 | D:1      | Reached XP level 2. HP: 28/28 MP: 2/2
   384 | D:1      | Found a faded altar of an unknown god.
   565 | D:1      | Reached XP level 3. HP: 23/34 MP: 3/3
   927 | D:2      | Reached skill level 1 in Stealth
  1843 | D:3      | Reached XP level 4. HP: 21/42 MP: 4/4
  2045 | D:3      | Found a shimmering blue altar of Sif Muna.
  2322 | D:3      | Found a sacrificial altar of Ru.
  2347 | D:3      | Reached XP level 5. HP: 35/49 MP: 5/5
  3875 | D:3      | Slain by a gnoll

Illustrated notes

Levels and vault maps discovered:
D:1:      ncdulo_halloftheorcs, layout_rooms, shapermc_ecumenical_altar_venn,
          minmay_hexomino_p4
D:2:      layout_basic, amcnicky_mini_corridor_feature, minmay_misc_feat_roman
D:3:      minmay_goblin_kobold_castle, layout_basic, old_standard_altar,
          nicolae_ru_great_annihilating_truth, kennysheep_decorative_pillar,
          serial_park_tiny_pond, hex_intersection

Skill      XL: |  1  2  3  4 |
---------------+-------------+-----
Stealth        | 1 |  1.7
Armour         | 3 |  3.3
Axes           | 3 |  3.7
Fighting       | |  3.7
Dodging        | |  0.8
Shields        | |  2.8

Action                   |  1- 3 |  4- 6 || total
-------------------------+-------+-------++-------
Melee: War axe           |   108 |     7 ||   115
       Battleaxe         |       |   120 ||   120
  Use: Potion            |       |     1 ||     1
 Stab: Paralysed         |       |     1 ||     1
Armor: Scale mail        |    43 |    89 ||   132
Dodge: Dodged            |    21 |    89 ||   110
Block: Kite shield       |    55 |     4 ||    59

Table legend: (Time is in decaauts)
 A = Elapsed time spent in this place.
 B = Non-inter-level travel time spent in this place.
 C = Inter-level travel time spent in this place.
 D = Time resting spent in this place.
 E = Time spent auto-exploring this place.
 F = Levels seen in this place.
 G = Mean time per level.
                   A        B        C        D        E       F      G
               +--------+--------+--------+--------+--------+-----+--------+
         Total |   4595 |   4542 |     53 |    698 |   3192 |   3 | 1531.7 |
       Dungeon |   4595 |   4542 |     53 |    698 |   3192 |   3 | 1531.7 |
               +--------+--------+--------+--------+--------+-----+--------+

Top non-repeatable levels by time:
     D:3: 2441 daAuts
     D:1: 1102 daAuts
     D:2: 1051 daAuts
